 Dungeon Crawl Stone Soup version 0.29.1-1-gd02db6906a (webtiles) character file.

Game seed: 11431332646740741153

358 EvilAshe the Firebug (level 6, -7/32 HPs)
             Began as a Deep Elf Fire Elementalist on Sept 22, 2022.
             Blown up by Ijyb (18 damage)
             ... with a mindburst bolt
             ... on level 4 of the Dungeon.
             The game lasted 00:10:49 (4458 turns).

EvilAshe the Firebug (Deep Elf Fire Elementalist)   Turns: 4458, Time: 00:10:50

Health: -7/32      AC:  6    Str:  5    XL:     6   Next: 37%
Magic:  11/15      EV: 11    Int: 22    God:
Gold:   153        SH:  0    Dex: 15    Spells: 9/15 levels left

rFire   . . .      SeeInvis .   m - +0 trident
rCold   . . .      Faith    .   (no shield)
rNeg    + . .      Spirit   .   w - +0 leather armour
rPois   .          Reflect  .   i - +0 helmet
rElec   .          Harm     .   (no cloak)
rCorr   .          Rampage  .   s - +1 Delatra's gloves {ID++}
Will    .....                   (no boots)
Stlth   ++........              o - amulet of magic regeneration
HPRegen 0.10/turn               h - ring of positive energy
MPRegen 0.54/turn               (no ring)

@: no status effects
A: no striking features
a: no special abilities


You were on level 4 of the Dungeon.
You visited 1 branch of the dungeon, and saw 4 of its levels.

You collected 153 gold pieces.

Inventory:

Hand Weapons
 m - a +0 trident (weapon)
Missiles
 c - 37 stones (quivered)
Armour
 a - a +0 robe
 i - a +0 helmet (worn)
 s - the +1 Delatra's gloves (worn) {ID++}
   (You found it on level 3 of the Dungeon)

   It heals its wearer when they drink unknown potions.
   It restores its wearer's MP when they read unknown scrolls.
 w - a +0 leather armour (worn)
Jewellery
 h - a ring of positive energy (left hand)
 o - an amulet of magic regeneration (around neck)
Scrolls
 e - 5 scrolls of identify {unknown}
 f - 2 scrolls of teleportation {unknown}
 j - a scroll of poison {unknown}
 l - a scroll of blinking {unknown}
 n - 2 scrolls of immolation {unknown}
 p - a scroll of noise {unknown}
 u - a scroll of fog {unknown}
 v - a scroll of fear {unknown}
Potions
 b - a potion of magic
 d - a potion of heal wounds {unknown}
 g - a potion of resistance {unknown}
 k - 2 potions of attraction {unknown}
 q - a potion of curing
 r - a potion of brilliance {unknown}
 t - a potion of might {unknown}


   Skills:
 - Level 2.4 Dodging
 - Level 2.4 Stealth
 + Level 5.2 Spellcasting
 + Level 3.5 Conjurations
 * Level 6.1 Fire Magic


You had 9 spell levels left.
You knew the following spells:

 Your Spells              Type           Power      Damage    Failure   Level
a - Foxfire               Conj/Fire      100%       2x1d9     2%          1
b - Scorch                Fire           64%        2d8       1%          2
c - Conjure Flame         Conj/Fire      27%        6-21      7%          3

Your spell library contained the following spells:

 Spells                   Type           Power      Damage    Failure   Level
 Inner Flame              Hex/Fire       19%        N/A       14%         3
 Flame Wave               Conj/Fire      27%        2d9       22%         4


Dungeon Overview and Level Annotations

Branches:
Dungeon (4/15)
 Temple: D:4-7

Altars:
Wu Jian

Shops:
D:2 (

Annotations:
D:4 Ijyb


Message History

Casting: Scorch (safe; 1% risk of failure)
Confirm with . or Enter, or press ? or * to list all spells.
Flames lash the adder.
The adder is burned terribly!
You kill the adder!
Casting: Scorch (safe; 1% risk of failure)
Confirm with . or Enter, or press ? or * to list all spells.
Flames lash Ijyb.
Ijyb resists.
Ijyb is moderately wounded.
Ijyb's fire resistance burns away.
Ijyb zaps a wand.
You struggle to resist.
Ijyb screams, "Level is mine!
All mine!"
Ijyb zaps a wand.
Your mind is blasted!
Ouch! That really hurt!
Casting: Scorch (safe; 1% risk of failure)
Confirm with . or Enter, or press ? or * to list all spells.
You conjure some foxfire!
Ijyb is no longer more vulnerable to fire.
The foxfire hits Ijyb.
Ijyb resists.
Ijyb is moderately wounded.
The foxfire hits Ijyb but does no damage.
Ijyb is moderately wounded.
Casting: Foxfire (safe; 2% risk of failure)
Confirm with . or Enter, or press ? or * to list all spells.
Flames lash Ijyb.
Ijyb resists.
Ijyb is heavily wounded.
Ijyb's fire resistance burns away.
Ijyb hits you but does no damage. Ijyb hits you but does no damage.
Casting: Scorch (safe; 1% risk of failure)
Confirm with . or Enter, or press ? or * to list all spells.
Flames lash Ijyb.
Ijyb is heavily wounded.
Ijyb screams, "Die!"
Ijyb hits you but does no damage. Ijyb hits you with a +0 dagger.
Casting: Scorch (safe; 1% risk of failure)
Confirm with . or Enter, or press ? or * to list all spells.
Flames lash Ijyb.
Ijyb is almost dead.
Ijyb zaps a wand.
Your mind is blasted!
Ouch! That really hurt!
You die...

#.##.# #.##.### #.##...#
#.####.# ##############.#
#.# ...............# #.#
##########..#### #.#
################g.# #.#
................@.# #.#
)...############.## #.#
)........>...# #.# #.#
†...########.###.# #.#
....# #.....#.# #.#
..########.....#.# #.#
....>........)...# #.#
..########.....##########.#
#.# #................#


You could see Ijyb (combustible).

Vanquished Creatures
  An ogre (D:4)
  An orc priest (D:4)
  A hound (D:4)
  3 orc wizards
  6 adders
  A worm (D:2)
  4 dart slugs
  11 orcs
  7 endoplasms
  2 giant cockroaches
  7 goblins
  4 hobgoblins (D:1)
  3 jackals
  2 quokkas (D:1)
  5 ball pythons
  3 bats
  A frilled lizard (D:1)
  3 kobolds
  3 rats
68 creatures vanquished.

Vanquished Creatures (others)
  126 foxfires
126 creatures vanquished.

Grand Total: 194 creatures vanquished

Notes
Turn   | Place    | Note
-------+----------+-------------------------------------------
     0 | D:1      | EvilAshe the Deep Elf Fire Elementalist began the quest for
                  | the Orb.
     0 | D:1      | Reached XP level 1. HP: 10/10 MP: 6/6
   303 | D:1      | Reached XP level 2. HP: 15/15 MP: 6/8
   948 | D:1      | Reached skill level 4 in Fire Magic
  1044 | D:2      | Found Saot's Antique Weapon Emporium.
  1083 | D:1      | Reached XP level 3. HP: 2/19 MP: 2/10
  1356 | D:1      | Learned a level 2 spell: Scorch
  1964 | D:2      | Reached XP level 4. HP: 24/24 MP: 8/11
  2658 | D:2      | Learned a level 3 spell: Conjure Flame
  3230 | D:3      | Reached skill level 5 in Fire Magic
  3230 | D:3      | Reached XP level 5. HP: 22/28 MP: 9/13
  3383 | D:3      | Found an ornate altar of the Wu Jian Council.
  3531 | D:3      | Found the +1 Delatra's gloves {ID++}
  3864 | D:4      | Noticed an ogre
  3874 | D:4      | Killed an ogre
  4105 | D:4      | Reached XP level 6. HP: 32/32 MP: 12/15
  4108 | D:4      | Reached skill level 5 in Spellcasting
  4300 | D:4      | Reached skill level 6 in Fire Magic
  4440 | D:4      | Noticed Ijyb
  4458 | D:4      | Blown up by Ijyb

Illustrated notes

Levels and vault maps discovered:
D:1:      dpeg_arrival_erosion, layout_loops_ring
D:2:      layout_basic, serial_shops, shop, st_stairs_7, minmay_heptomino_d4
D:3:      layout_loops_ring, mainiacjoe_overflow_surrounded_room,
          chequers_jeans, chequers_decorated_corner, pf_guarded_unrand_delatra
D:4:      layout_loops_ring, minmay_temple_entry_antechambers,
          kennysheep_generic_room_13, uniq_ijyb

Skill      XL: |  1  2  3  4  5  6 |
---------------+-------------------+-----
Fire Magic     | 4 5 6 |  6.1
Conjurations   | 2 3 |  3.5
Spellcasting   | 4 5 |  5.2
Dodging        | |  2.4
Stealth        | |  2.4

Action                   |  1- 3 |  4- 6 || total
-------------------------+-------+-------++-------
Melee: Unarmed           |     1 |       ||     1
       Trident           |       |     3 ||     3
Throw: Stone             |     4 |       ||     4
 Cast: Foxfire           |    43 |    33 ||    76
       Scorch            |    10 |    31 ||    41
  Use: Potion            |       |     1 ||     1
 Stab: Sleeping          |       |     1 ||     1
Armor: Robe              |     4 |     4 ||     8
       Leather armour    |       |     8 ||     8
Dodge: Dodged            |    34 |    16 ||    50
